 Dungeon Crawl Stone Soup version 0.29-a0-340-g6efceafd81 (console) character file.

Game seed: 11812797334173357118

859 reilya the Chopper (level 7, 0/59 HPs)
             Began as a Demigod Wanderer on Apr 19, 2022.
             Succumbed to a water moccasin's poison
             ... on level 4 of the Dungeon.
             The game lasted 00:06:49 (4256 turns).

reilya the Chopper (Demigod Wanderer)               Turns: 4256, Time: 00:06:49

Health: 0/59       AC:  7    Str: 22    XL:     7   Next: 43%
Magic:  9/9        EV: 12    Int: 10    God:
Gold:   96         SH:  0    Dex: 16    Spells: 6/6 levels left

rFire   . . .      SeeInvis .   b - +1 hand axe
rCold   . . .      Faith    .   (no shield)
rNeg    . . .      Spirit   .   e - +0 leather armour
rPois   .          Reflect  .   r - +0 helmet
rElec   .          Harm     .   l - +0 cloak
rCorr   .          Rampage  .   c - +0 pair of gloves
Will    .....                   m - +0 pair of boots
Stlth   ++........              (no amulet)
HPRegen 0.19/turn               (no ring)
MPRegen 0.11/turn               (no ring)

@: lethally poisoned (0 -> -11)
A: high MP 1, forlorn, divine attributes
a: no special abilities


You were on level 4 of the Dungeon.
You visited 1 branch of the dungeon, and saw 7 of its levels.

You collected 96 gold pieces.

Inventory:

Hand Weapons
 a - a +2 shortbow
 b - a +1 hand axe (weapon)
Missiles
 n - 3 poisoned darts (quivered)
Armour
 c - a +0 pair of gloves (worn)
 e - a +0 leather armour (worn)
 l - a +0 cloak (worn)
 m - a +0 pair of boots (worn)
 r - a +0 helmet (worn)
Scrolls
 d - a scroll of fear {unknown}
 h - a scroll of acquirement {unknown}
 j - 2 scrolls of holy word {unknown}
 o - 2 scrolls of enchant weapon
Potions
 f - a potion of magic {unknown}
 g - a potion of might
 i - 2 potions of brilliance
 k - a potion of curing
 p - a potion of invisibility {unknown}
 q - a potion of attraction


   Skills:
 - Level 4.0 Fighting
 + Level 6.8 Axes
 - Level 1.7 Bows
 - Level 1.0 Throwing
 - Level 1.7 Armour
 - Level 1.7 Dodging
 - Level 1.0 Stealth
 - Level 1.0 Evocations


You had 6 spell levels left.
You didn't know any spells.
Your spell library contained the following spells:

 Spells                   Type           Power      Damage    Failure   Level
 Magic Dart               Conj           0%         1d3       41%         1
 Call Imp                 Summ           0%         N/A       54%         2
 Mephitic Cloud           Conj/Pois/Air  0%         N/A       78%         3
 Portal Projectile        Hex/Tloc       0%         N/A       78%         3
 Blade Hands              Tmut           0%         N/A       100%        5
 Excruciating Wounds      Necr           0%         N/A       100%        5


Dungeon Overview and Level Annotations

Branches:
Dungeon (7/15)
 Temple: D:4-7

Shops:
D:2 (

Annotations:
D:5 exclusions: ogre and water moccasin, Blork the orc
D:7 Duvessa, Joseph


Innate Abilities, Weirdness & Mutations

You have an increased reservoir of magic. (+10% MP)
You shall have no god before yourself.
Your divine heritage dramatically boosts your attributes as you level up.


Message History

You feel very sick. The water moccasin closely misses you.
You closely miss the water moccasin.
The water moccasin is severely wounded.
You feel very sick. The water moccasin misses you.
You closely miss the water moccasin.
The water moccasin is severely wounded.
You feel very sick.
The water moccasin bites you but does no damage. x2
You closely miss the water moccasin.
The water moccasin is severely wounded.
You feel sick.
The water moccasin bites you but does no damage.
You barely miss the water moccasin.
The water moccasin is severely wounded.
You feel sick.
The water moccasin bites you but does no damage.
You hit the water moccasin but do no damage.
The water moccasin is severely wounded.
You feel sick.
The water moccasin completely misses you.
The water moccasin bites you but does no damage.
You barely miss the water moccasin.
The water moccasin is severely wounded.
You feel sick. The water moccasin closely misses you.
You barely miss the water moccasin.
The water moccasin is severely wounded.
You feel sick. The water moccasin bites you.
* * * LOW HITPOINT WARNING * * *
You are lethally poisoned!
The water moccasin poisons you! The water moccasin misses you.
You hit the water moccasin.
The water moccasin is almost dead.
* * * LOW HITPOINT WARNING * * *
You feel very sick.
The water moccasin bites you but does no damage.
You slash the water moccasin!
You kill the water moccasin!
You die...

#######+##
#........#
#........#
#........#
#........#
#........#
#..)))...#
#..)@....#
#........#
#........#
#........#
#........#
#..........
#######....#
....#


There were no monsters in sight!

Vanquished Creatures
  A water moccasin (D:4)
  A centaur (D:7)
  A phantom (D:5)
  4 bullfrogs (D:7)
  A necrophage (D:6)
  2 scorpions (D:5)
  Dowan (D:7)
  An orc priest (D:5)
  An orc wizard (D:5)
  Jessica (D:3)
  An iguana (D:7)
  Robin (D:2)
  2 adders (D:2)
  13 orcs
  6 ball pythons
  3 endoplasms
  3 giant cockroaches (D:1)
  12 goblins
  3 hobgoblins
  8 jackals
  3 kobolds
  3 quokkas
  4 bats (D:1)
  3 frilled lizards
  2 rats (D:2)
81 creatures vanquished.

Vanquished Creatures (others)
  14 fungi (D:5)
14 creatures vanquished.

Grand Total: 95 creatures vanquished

Notes
Turn   | Place    | Note
-------+----------+-------------------------------------------
     0 | D:1      | reilya the Demigod Wanderer began the quest for the Orb.
     0 | D:1      | reilya set off with the following items: a +2 shortbow, a
                  | +0 hand axe, a +0 pair of gloves, a potion of
                  | lignification, a +0 leather armour
     0 | D:1      | Reached XP level 1. HP: 16/16 MP: 3/3
   171 | D:1      | Reached XP level 2. HP: 24/24 MP: 4/4
   771 | D:2      | Reached XP level 3. HP: 31/31 MP: 5/5
   917 | D:2      | Found Kogik's Weapon Shoppe.
  1653 | D:2      | Noticed Robin
  1693 | D:2      | Killed Robin
  1695 | D:2      | Reached XP level 4. HP: 35/38 MP: 6/6
  1918 | D:3      | Noticed Jessica
  1928 | D:3      | Killed Jessica
  1929 | D:3      | Reached skill level 1 in Throwing
  2102 | D:3      | You fall into a shaft and drop 3 floors!
  2102 | D:6      | Noticed a necrophage
  2110 | D:6      | Killed a necrophage
  2111 | D:6      | Reached skill level 2 in Axes
  2111 | D:6      | Reached XP level 5. HP: 38/46 MP: 7/7
  2160 | D:5      | Entered Level 5 of the Dungeon
  2173 | D:5      | Reached skill level 3 in Axes
  2371 | D:6      | Noticed a wraith
  2409 | D:7      | Noticed a centaur
  2415 | D:7      | Noticed Dowan
  2416 | D:7      | Noticed Duvessa
  2416 | D:7      | Noticed a steam dragon
  2423 | D:7      | Noticed Joseph
  2428 | D:7      | Noticed an orc warrior
  2429 | D:7      | Killed Dowan
  2430 | D:7      | Reached skill level 4 in Axes
  2430 | D:7      | Reached XP level 6. HP: 50/52 MP: 8/8
  2752 | D:7      | Reached skill level 5 in Axes
  3162 | D:7      | Reached XP level 7. HP: 45/59 MP: 9/9
  3459 | D:5      | Reached skill level 6 in Axes
  3826 | D:5      | Noticed Blork the orc
  4256 | D:4      | Succumbed to a water moccasin's poison

Illustrated notes

Levels and vault maps discovered:
D:1:      dpeg_arrival_pits, layout_loops_ring, minmay_close_crescents
D:2:      layout_loops_ring, serial_co_window_serial,
          co_window_of_opportunity_a, co_window_paths_a, co_window_paths_b,
          co_window_paths_b, co_window_paths_a, co_window_broadway_c,
          co_window_broadway_a, co_window_broadway_b, co_window_unsneaky_path_e,
          co_window_broadway_c, co_window_paths_d, co_window_paths_e,
          glass_columns_b, glass_columns_a, glass_columns_c, serial_shops, shop,
          wad_floor_pattern_untrapped, uniq_robin
D:3:      layout_basic, fedhas_ov_isle_minmay, basic_ecumenical_altar,
          uniq_crazy_yiuf_cottage, uniq_jessica, uniq_natasha
D:4:      layout_basic, temple_hall
D:5:      layout_loops_ring, nicolae_qazlal_eye_of_the_storm, serial_aquarium,
          aquarium_bridge_square [aquarium_subvault_wall,
          aquarium_subvault_window, aquarium_subvault_wall,
          aquarium_subvault_bridge], aquarium_window_corridor_1,
          aquarium_window_corner, aquarium_view_2f, uniq_blork_the_orc
D:6:      layout_rooms, mainiacjoe_overflow_large_starburst,
          mainiacjoe_overflow_paths, lemuel_coloured_pillars_altar,
          serial_rivers, chequers_serial_rivers_micro_e,
          chequers_serial_rivers_micro_e, chequers_serial_rivers_micro_c,
          chequers_serial_rivers_small_3
D:7:      dreamdust_elfheim, layout_loops_ring, uniq_joseph

Skill      XL: |  1  2  3  4  5  6  7 |
---------------+----------------------+-----
Fighting       | 2 3 4 |  4.0
Throwing       | 1 |  1.0
Axes           | 2 4 5 6 |  6.8
Bows           | |  1.7
Armour         | |  1.7
Dodging        | |  1.7
Stealth        | |  1.0
Evocations     | |  1.0

Action                   |  1- 3 |  4- 6 |  7- 9 || total
-------------------------+-------+-------+-------++-------
Melee: Hand axe          |       |    94 |    73 ||   167
       Punch             |       |     3 |     2 ||     5
 Fire: Shortbow          |    99 |    12 |       ||   111
Throw: Dart              |       |     3 |       ||     3
  Use: Scroll            |     3 |     6 |     1 ||    10
       Potion            |       |     4 |       ||     4
 Stab: Sleeping          |       |     2 |     1 ||     3
Armor: Leather armour    |    32 |    34 |    31 ||    97
       Skin              |       |    62 |       ||    62
Dodge: Dodged            |    44 |    47 |    50 ||   141

Table legend: (Time is in decaauts)
 A = Elapsed time spent in this place.
 B = Non-inter-level travel time spent in this place.
 C = Inter-level travel time spent in this place.
 D = Time resting spent in this place.
 E = Time spent auto-exploring this place.
 F = Levels seen in this place.
 G = Mean time per level.
                   A        B        C        D        E       F      G
               +--------+--------+--------+--------+--------+-----+--------+
         Total |   4318 |   4160 |    158 |   1265 |   2162 |   7 |  616.9 |
       Dungeon |   4318 |   4160 |    158 |   1265 |   2162 |   7 |  616.9 |
               +--------+--------+--------+--------+--------+-----+--------+

Top non-repeatable levels by time:
     D:2: 1275 daAuts
     D:7: 973 daAuts
     D:5: 868 daAuts
     D:1: 735 daAuts
     D:6: 298 daAuts
     D:3: 144 daAuts
     D:4: 23 daAuts
